 Dungeon Crawl Stone Soup version 0.31-a0-4-gefa6de2278 (webtiles) character file.

Game seed: 11011917103537904033

60818 retardedninja the Thaumaturge (level 15, -4/115 HPs)
             Began as a Gnoll Fire Elementalist on May 3, 2023.
             Was the Champion of Cheibriados.
             Slain by a wolf spider (8 damage)
             ... on level 1 of the Spider Nest.
             The game lasted 00:52:20 (38283 turns).

retardedninja the Thaumaturge (GnFE)               Turns: 38283, Time: 00:52:20

Health: -4/115     AC: 26    Str: 24    XL:     15   Next: 0%
Magic:  4/30       EV: 26    Int: 35    God:    Cheibriados [******]
Gold:   232        SH:  0    Dex: 34    Spells: 3/36 levels left

rFire   . . .        o - +4 spear (heavy)
rCold   + . .        (no shield)
rNeg    . . .        l - +3 steam dragon scales
rPois   +            q - +2 helmet
rElec   .            F - +2 cloak {rPois}
rCorr   +            J - +1 pair of gloves
SInv    .            b - +1 pair of boots of Ubiquitous Surprise {rC+ rCorr}
Will    +....        D - amulet of the acrobat
Stlth   ++++++       M - +4 ring of protection
HPRegen 0.39/turn    r - +6 ring of dexterity
MPRegen 0.22/turn

%: acrobat
@: about to teleport, flying, very slow
A: fangs 1, strong nose, distributed training
a: Renounce Religion, Bend Time, Temporal Distortion, Slouch, Step From Time


You were on level 1 of the Spider Nest.
You worshipped Cheibriados.
Cheibriados was exalted by your worship.
You visited 5 branches of the dungeon, and saw 21 of its levels.
You also visited: Ossuary.

You collected 1740 gold pieces.
You spent 1508 gold pieces at shops.

Inventory:

Hand Weapons
 o - a +4 heavy spear (weapon)
Missiles
 y - a throwing net
Armour
 b - the +1 pair of boots of Ubiquitous Surprise (worn) {rC+ rCorr}
   (You found it on level 3 of the Lair of Beasts)

   rC:        It protects you from cold.
   rCorr:     It protects you from acid and corrosion.
 l - +3 steam dragon scales (worn)
 q - a +2 helmet (worn)
 F - a +2 cloak of poison resistance (worn)
 J - a +1 pair of gloves (worn)
Jewellery
 r - a +6 ring of dexterity (right hand)
 D - an amulet of the acrobat (around neck)
 M - a +4 ring of protection (left hand)
 N - a ring of poison resistance
Wands
 g - a wand of polymorph (5)
 x - a wand of paralysis (4)
 G - a wand of digging (6)
 I - a wand of flame (29)
Scrolls
 c - 2 scrolls of vulnerability
 e - 3 scrolls of teleportation
 t - a scroll of torment
 A - a scroll of silence {unknown}
 K - a scroll of fog {unknown}
 L - 2 scrolls of magic mapping {unknown}
Potions
 d - a potion of ambrosia {unknown}
 f - 4 potions of resistance
 k - 2 potions of attraction
 m - 3 potions of mutation
 n - a potion of berserk rage
 s - a potion of lignification
 v - 4 potions of cancellation
Miscellaneous
 a - a lightning rod (1/4)


   Skills:
 + Level 10.0 Fighting
 + Level 10.0 Short Blades
 + Level 10.0 Long Blades
 + Level 10.0 Axes
 + Level 10.0 Maces & Flails
 + Level 10.0 Polearms
 + Level 10.0 Staves
 + Level 10.0 Ranged Weapons
 + Level 10.0 Throwing
 + Level 10.0 Armour
 + Level 11.0 Dodging
 + Level 10.9 Stealth
 + Level 10.0 Shields
 + Level 10.0 Unarmed Combat
 + Level 11.2 Spellcasting
 + Level 8.7 Conjurations
 + Level 8.4 Hexes
 + Level 8.4 Summonings
 + Level 8.4 Necromancy
 + Level 8.4 Translocations
 + Level 8.4 Transmutations
 + Level 10.1 Fire Magic
 + Level 8.4 Ice Magic
 + Level 8.4 Air Magic
 + Level 8.4 Earth Magic
 + Level 8.4 Poison Magic
 + Level 10.9 Invocations
 + Level 10.0 Evocations


You had 3 spell levels left.
You knew the following spells:

 Your Spells              Type           Power      Damage    Failure   Level
a - Foxfire               Conj/Fire      100%       2x1d9     1%          1
b - Scorch                Fire           100%       2d9       1%          2
c - Flame Wave            Conj/Fire      72%        2d16      1%          4
d - Inner Flame           Hex/Fire       71%        N/A       1%          3
e - Statue Form           Tmut/Erth      45%        N/A       11%         6
f - Fireball              Conj/Fire      36%        3d15      1%          5
g - Starburst             Conj/Fire      36%        6d11      7%          6
h - Plasma Beam           Fire/Air       35%        2x1d53    8%          6

Your spell library contained the following spells:

 Spells                   Type           Power      Damage    Failure   Level
 Blink                    Tloc           100%       N/A       1%          2
 Lesser Beckoning         Tloc           100%       N/A       1%          2
 Momentum Strike          Conj/Tloc      100%       3d10      1%          2
 Sublimation of Blood     Necr           68%        N/A       1%          2
 Wereblood                Tmut           68%        N/A       1%          2
 Frozen Ramparts          Ice            100%       1d16      1%          3
 Ozocubu's Armour         Ice            68%        N/A       1%          3
 Tukima's Dance           Hex            68%        N/A       1%          3
 Volatile Blastmotes      Fire/Tloc      100%       2d18      1%          3
 Ice Form                 Ice/Tmut       68%        N/A       1%          4
 Manifold Assault         Tloc           68%        N/A       1%          4
 Passage of Golubria      Tloc           68%        N/A       1%          4
 Petrify                  Tmut/Erth      68%        N/A       1%          4
 Summon Ice Beast         Ice/Summ       68%        N/A       1%          4
 Metabolic Englaciation   Hex/Ice        34%        N/A       1%          5
 Yara's Violent Unravell  Hex/Tmut       34%        3d14      1%          5
 Simulacrum               Ice/Necr       34%        N/A       11%         6
 Enfeeble                 Hex            34%        N/A       50%         7
 Storm Form               Tmut/Air       34%        N/A       50%         7
 Summon Hydra             Summ           34%        N/A       50%         7


Dungeon Overview and Level Annotations

Branches:
Dungeon (12/15)            Temple (1/1) D:7            Lair (5/5) D:11
 Shoals (0/4) Lair:2       Spider (1/4) Lair:3        Slime (0/5) Lair:4
    Orc (2/2) D:11            Elf (0/3) Orc:2       Ossuary (visited)

Altars:
Ashenzari
Cheibriados
Dithmenos
Elyvilon
Fedhas
Gozag
Hepliaklqana
Kikubaaqudgha
Makhleb
Nemelex Xobeh
Okawaru
Qazlal
Ru
Sif Muna
Trog
Uskayaw
Vehumet
Wu Jian
Xom
Yredelemnul
Zin
The Shining One

Shops:
D:1 [   D:7 *   D:8 *   Orc:1 *   Orc:2 *=::?

Annotations:
D:2 1 runed translucent door, Crazy Yiuf
D:12 Azrael
Spider:1 Roxanne


Innate Abilities, Weirdness & Mutations

You have very sharp teeth.
Your uncanny sense of smell can sniff out nearby items.
Your experience applies equally to all skills.


Message History

Confirm with . or Enter, or press ? or * to list all spells.
You don't have enough magic to cast this spell.
The radroach attacks as you move away! The radroach closely misses you. x2
The wolf spider hits you! The wolf spider completely misses you.
The wolf spider hits you but does no damage.
The wolf spider completely misses you. The wolf spider closely misses you.
The wolf spider barely misses you. The wolf spider hits you!
The wolf spider completely misses you. The radroach misses you.
The radroach completely misses you.
As you read the scroll of teleportation, it crumbles to dust.
You feel strangely unstable. The wolf spider hits you!
* * * LOW HITPOINT WARNING * * *
The wolf spider bites you but does no damage.
The tarantella completely misses you.
The wolf spider completely misses you. x2
The radroach completely misses you. The radroach barely misses you.
The tarantella touches you.
* * * LOW HITPOINT WARNING * * *
You are confused.
The wolf spider hits you but does no damage.
The wolf spider bites you but does no damage.
The radroach bites you but does no damage.
The radroach closely misses you.
It was a potion of flight.
You feel very buoyant.
You fly up into the air.
You feel less confused. The wolf spider completely misses you.
The wolf spider bites you.
* * * LOW HITPOINT WARNING * * *
The tarantella completely misses you. The radroach closely misses you. x2
The wolf spider barely misses you. The wolf spider completely misses you.
You puncture the wolf spider!
The wolf spider is almost dead.
The wolf spider hits you but does no damage.
The wolf spider misses you. The tarantella completely misses you.
The radroach bites you!
* * * LOW HITPOINT WARNING * * *
The radroach claws you!
* * * LOW HITPOINT WARNING * * *
The wolf spider completely misses you. The wolf spider bites you!
You die...

#............^#
#...........B##
###......s.).#
##.......s...<#
#.......#..8..#
∆
####../.#.....#
##....††###^..#
∆
#....sBs#.....#
#.....@.#.....#
#...#...#...###
#####...#....
#...##....
##..#.....
####.... ###..
...


You could see a radroach (berserk), a wolf spider (berserk) and a tarantella.

Vanquished Creatures
  An emperor scorpion (Spider:1)
  Snorg (Lair:4)
  An ettin (Orc:2)
  5 hydras
  A catoblepas (Lair:4)
  4 boulder beetles
  3 two-headed ogres
  5 death yaks (Lair:3)
  6 orc high priests
  Pikel (D:9)
  A lindwurm (Lair:5)
  4 orc knights (Orc:2)
  2 wolf spiders (Spider:1)
  An orc sorcerer (Orc:1)
  An ugly thing (D:10)
  A moth of wrath (Spider:1)
  A manticore (Lair:1)
  5 black mambas
  A demonic crawler (Lair:3)
  3 torpor snails
  8 cane toads
  2 kobold demonologists (D:11)
  9 komodo dragons
  A rime drake (Lair:4)
  9 trolls
  Prince Ribbit (D:8)
  A hornet (Lair:1)
  15 blink frogs (Lair:5)
  14 dream sheep
  10 tarantellas
  2 culicivoras (Spider:1)
  7 wraiths
  2 jumping spiders (Spider:1)
  A shadow (D:10)
  2 vampires
  29 yaks
  A fire elemental (D:11)
  Eustachio (D:6)
  6 redbacks
  3 wyverns (Lair:5)
  6 basilisks
  2 steam dragons
  7 vampire mosquitoes
  3 wargs (Orc:1)
  An acid dragon (D:10)
  Duvessa (D:4)
  3 hell hounds
  11 water moccasins
  An ice beast (D:4)
  29 orc warriors
  2 black bears
  4 ogres
  2 sky beasts (D:6)
  A boggart (D:10)
  6 centaurs
  7 wolves
  A lemure (D:9)
  2 phantoms
  Blork the orc (D:5)
  6 kobold brigands
  7 bullfrogs
  5 scorpions
  2 gnoll sergeants
  17 wights
  Dowan (D:4)
  17 killer bees
  An elephant simulacrum (Lair:5)
  6 electric eels
  3 howler monkeys (D:7)
  4 hounds
  15 jellies
  21 orc priests
  A gnoll bouda (D:5)
  A sleepcap (D:5)
  4 iguanas
  14 orc wizards
  Robin (D:3)
  10 adders
  12 gnolls
  A shadow imp (D:5)
  2 white imps (D:7)
  4 ufetubi
  2 worms
  5 dart slugs
  63 orcs
  11 endoplasms
  9 giant cockroaches
  13 goblins
  12 hobgoblins
  5 jackals (D:3)
  21 kobolds
  4 quokkas
  8 ball pythons
  A ball python skeleton (Ossuary)
  2 bats (D:1)
  2 frilled lizards
  A hobgoblin skeleton (Ossuary)
  3 hobgoblin zombies (Ossuary)
  2 kobold zombies (Ossuary)
  2 orc skeletons (Ossuary)
  An orc zombie (Ossuary)
  4 rats
588 creatures vanquished.

Vanquished Creatures (collateral kills)
  2 orc priests (Orc:2)
  7 orcs (Orc:2)
  8 foxfires
17 creatures vanquished.

Vanquished Creatures (others)
  A hobgoblin (D:2)
  1821 foxfires
  26 fungi
  55 plants
  7 withered plants (Lair:5)
1910 creatures vanquished.

Grand Total: 2515 creatures vanquished

Notes
Turn   | Place    | Note
-------+----------+-------------------------------------------
     0 | D:1      | retardedninja the Gnoll Fire Elementalist began the quest
                  | for the Orb.
     0 | D:1      | Reached XP level 1. HP: 13/13 MP: 6/6
   231 | D:1      | Reached XP level 2. HP: 19/19 MP: 2/7
   854 | D:1      | Reached skill level 5 in Spellcasting
   854 | D:1      | Reached XP level 3. HP: 25/25 MP: 5/9
  1192 | D:1      | Found Geerour's Antique Armour Boutique.
  1233 | D:1      | Reached skill level 1 in Invocations
  1541 | D:2      | Found a stormy altar of Qazlal.
  1872 | D:2      | Reached skill level 1 in Fighting
  1872 | D:2      | Reached skill level 1 in Short Blades
  1872 | D:2      | Reached skill level 1 in Long Blades
  1872 | D:2      | Reached skill level 1 in Axes
  1872 | D:2      | Reached skill level 1 in Maces & Flails
  1872 | D:2      | Reached skill level 1 in Polearms
  1872 | D:2      | Reached skill level 1 in Staves
  1872 | D:2      | Reached skill level 1 in Ranged Weapons
  1872 | D:2      | Reached skill level 1 in Throwing
  1872 | D:2      | Reached skill level 1 in Armour
  1872 | D:2      | Reached skill level 1 in Shields
  1872 | D:2      | Reached skill level 1 in Unarmed Combat
  1872 | D:2      | Reached skill level 1 in Evocations
  1902 | D:2      | Reached XP level 4. HP: 32/32 MP: 8/11
  2131 | D:2      | Reached skill level 1 in Hexes
  2131 | D:2      | Reached skill level 1 in Summonings
  2131 | D:2      | Reached skill level 1 in Necromancy
  2131 | D:2      | Reached skill level 1 in Translocations
  2131 | D:2      | Reached skill level 1 in Transmutations
  2131 | D:2      | Reached skill level 1 in Ice Magic
  2131 | D:2      | Reached skill level 1 in Air Magic
  2131 | D:2      | Reached skill level 1 in Earth Magic
  2131 | D:2      | Reached skill level 1 in Poison Magic
  2149 | D:2      | Learned a level 2 spell: Scorch
  2154 | D:2      | Learned a level 4 spell: Flame Wave
  2158 | D:2      | Learned a level 3 spell: Inner Flame
  2237 | D:2      | Found a runed translucent door.
  2238 | D:2      | Noticed Crazy Yiuf
  2965 | D:3      | Reached XP level 5. HP: 37/37 MP: 8/12
  3047 | D:3      | Noticed Robin
  3058 | D:3      | Killed Robin
  4530 | D:4      | Reached XP level 6. HP: 44/44 MP: 9/13
  4902 | D:4      | Reached skill level 5 in Dodging
  5387 | D:4      | Noticed an ice beast
  5395 | D:4      | Killed an ice beast
  5812 | D:4      | Found a stormy altar of Qazlal.
  5821 | D:4      | Reached XP level 7. HP: 51/51 MP: 11/15
  6014 | D:4      | Noticed Duvessa
  6014 | D:4      | Noticed Dowan
  6030 | D:4      | Killed Duvessa
  6041 | D:4      | Killed Dowan
  6042 | D:4      | Reached skill level 5 in Stealth
  6111 | D:5      | Entered Level 5 of the Dungeon
  7311 | D:5      | Reached XP level 8. HP: 58/58 MP: 12/16
  7424 | D:5      | Noticed Blork the orc
  7435 | D:5      | Killed Blork the orc
  7870 | D:5      | Found a basalt altar of Yredelemnul.
  9732 | D:6      | Reached XP level 9. HP: 48/65 MP: 11/18
  9809 | D:6      | Noticed Eustachio
  9842 | D:6      | Killed Eustachio
 10225 | D:6      | Found a broken altar of Ashenzari.
 10225 | D:6      | Found a shimmering blue altar of Sif Muna.
 10340 | D:6      | Found an opulent altar of Gozag.
 10597 | D:7      | Reached skill level 5 in Invocations
 10616 | D:7      | Found a sand-covered staircase.
 10621 | Ossuary  | Entered an ossuary
 12508 | D:7      | Reached skill level 5 in Fighting
 12508 | D:7      | Reached skill level 5 in Short Blades
 12508 | D:7      | Reached skill level 5 in Long Blades
 12508 | D:7      | Reached skill level 5 in Axes
 12508 | D:7      | Reached skill level 5 in Maces & Flails
 12508 | D:7      | Reached skill level 5 in Polearms
 12508 | D:7      | Reached skill level 5 in Staves
 12508 | D:7      | Reached skill level 5 in Ranged Weapons
 12508 | D:7      | Reached skill level 5 in Throwing
 12508 | D:7      | Reached skill level 5 in Armour
 12508 | D:7      | Reached skill level 5 in Shields
 12508 | D:7      | Reached skill level 5 in Unarmed Combat
 12508 | D:7      | Reached skill level 5 in Evocations
 12508 | D:7      | Reached XP level 10. HP: 59/74 MP: 13/20
 12744 | D:7      | Found Pinebb's General Store.
 12775 | D:7      | Found a staircase to the Ecumenical Temple.
 12848 | Temple   | Entered the Ecumenical Temple
 12862 | Temple   | Became a worshipper of Cheibriados the Contemplative
 13716 | D:7      | Reached skill level 5 in Conjurations
 13892 | D:7      | Found a white marble altar of Elyvilon.
 14419 | D:7      | Reached * piety under Cheibriados
 14703 | D:8      | Noticed Prince Ribbit
 14721 | D:8      | Killed Prince Ribbit
 15034 | D:8      | Found a shadowy altar of Dithmenos.
 15383 | D:8      | Found Poluwk's Elemental Accessories.
 15391 | D:8      | Bought a lightning rod (4/4) for 300 gold pieces
 15437 | D:8      | Found a faded altar of an unknown god.
 15437 | D:8      | Found a burning altar of Makhleb.
 15445 | D:8      | Found a glowing golden altar of the Shining One.
 15447 | D:8      | Found an ornate altar of the Wu Jian Council.
 15449 | D:8      | Found a faded altar of an unknown god.
 15805 | D:9      | Reached skill level 5 in Hexes
 15805 | D:9      | Reached skill level 5 in Summonings
 15805 | D:9      | Reached skill level 5 in Necromancy
 15805 | D:9      | Reached skill level 5 in Translocations
 15805 | D:9      | Reached skill level 5 in Transmutations
 15805 | D:9      | Reached skill level 5 in Ice Magic
 15805 | D:9      | Reached skill level 5 in Air Magic
 15805 | D:9      | Reached skill level 5 in Earth Magic
 15805 | D:9      | Reached skill level 5 in Poison Magic
 15982 | D:9      | Reached XP level 11. HP: 81/81 MP: 18/22
 16098 | D:9      | Noticed a two-headed ogre
 16106 | D:9      | Reached ** piety under Cheibriados
 16109 | D:9      | Killed a two-headed ogre
 16284 | D:9      | Noticed Pikel
 16290 | D:9      | Killed Pikel
 17134 | D:10     | Entered Level 10 of the Dungeon
 17723 | D:10     | Identified the +2 ring mail of Distant Shores {rCorr Str+3}
 18057 | D:10     | Noticed a two-headed ogre
 18068 | D:10     | Killed a two-headed ogre
 18482 | D:10     | Found a glowing silver altar of Zin.
 19233 | D:10     | Reached *** piety under Cheibriados
 19269 | D:10     | Noticed a green ugly thing
 19270 | D:10     | Noticed a green ugly thing
 19277 | D:10     | Noticed a death knight
 19278 | D:10     | Killed a green ugly thing
 20118 | D:11     | Found a staircase to the Orcish Mines.
 20518 | D:11     | Found a staircase to the Lair.
 20564 | D:11     | Reached XP level 12. HP: 91/91 MP: 10/24
 20669 | D:11     | Reached **** piety under Cheibriados
 20807 | D:11     | Noticed a boulder beetle
 20844 | D:11     | Killed a boulder beetle
 21103 | D:11     | Noticed a two-headed ogre
 21109 | D:11     | Killed a two-headed ogre
 21233 | D:11     | Identified the +3 chain mail "Deucuhof" {Rampage rN++
                  | Stlth-}
 21329 | D:11     | Noticed a sun demon
 21333 | D:11     | Noticed a sun demon
 21894 | Lair:1   | Entered Level 1 of the Lair of Beasts
 22476 | Lair:1   | Noticed a boulder beetle
 22482 | Lair:1   | Killed a boulder beetle
 23117 | Lair:1   | Reached ***** piety under Cheibriados
 24053 | Lair:2   | Found a staircase to the Shoals.
 24054 | Lair:2   | Identified the +4 leather armour of Repulsion {rPois Will-
                  | Str+8 Slay-4}
 24501 | Lair:2   | Noticed an eight-headed hydra
 24505 | Lair:2   | Killed an eight-headed hydra
 24832 | Lair:3   | Identified the +1 pair of boots of Ubiquitous Surprise {rC+
                  | rCorr}
 25001 | Lair:3   | Reached XP level 13. HP: 91/98 MP: 17/26
 25585 | Lair:3   | Found a hole to the Spider Nest.
 26277 | Lair:4   | Found a staircase to the Slime Pits.
 26463 | Lair:4   | Noticed Snorg
 26488 | Lair:3   | Reached ****** piety under Cheibriados
 26675 | Lair:4   | Identified the +0 robe "Hemn" {rCorr SInv}
 26753 | Lair:3   | Reached skill level 10 in Spellcasting
 27559 | Lair:4   | Killed Snorg
 28426 | Lair:5   | Entered Level 5 of the Lair of Beasts
 28433 | Lair:5   | Reached skill level 10 in Dodging
 29593 | Lair:5   | Reached skill level 10 in Stealth
 29945 | Lair:5   | Reached XP level 14. HP: 108/108 MP: 6/28
 29960 | Lair:5   | Reached skill level 10 in Invocations
 30454 | Lair:5   | Noticed a dire elephant
 30454 | Lair:5   | Noticed a dire elephant
 31095 | Lair:5   | Noticed a dire elephant
 31566 | Orc:1    | Entered Level 1 of the Orcish Mines
 32022 | Orc:2    | Entered Level 2 of the Orcish Mines
 32346 | Orc:1    | Learned a level 6 spell: Statue Form
 32406 | Orc:1    | Found Gaihi's Assorted Antiques.
 32412 | Orc:1    | Bought a runed cloak for 210 gold pieces
 33094 | Orc:2    | Found a staircase to the Elven Halls.
 33134 | Orc:2    | Found Ikuodoh's Magic Scroll Emporium.
 33165 | Orc:2    | Bought a scroll of enchant weapon for 90 gold pieces
 33165 | Orc:2    | Bought a scroll of enchant armour for 90 gold pieces
 33165 | Orc:2    | Bought a scroll of summoning for 114 gold pieces
 35643 | Orc:2    | Found Ylair's Book Emporium.
 35643 | Orc:2    | Found Xeis's Book Emporium.
 35644 | Orc:2    | Found Onenye's General Store.
 35644 | Orc:2    | Found Paatriu's Jewellery Shoppe.
 35660 | Orc:2    | Bought a book of Fire for 704 gold pieces
 35666 | Orc:2    | Learned a level 5 spell: Fireball
 35673 | Orc:2    | Learned a level 6 spell: Starburst
 35968 | D:12     | Noticed Azrael
 36211 | Spider:1 | Entered Level 1 of the Spider Nest
 36211 | Spider:1 | Noticed Roxanne
 36238 | Spider:1 | Reached skill level 10 in Fire Magic
 37683 | Lair:3   | Learned a level 6 spell: Plasma Beam
 37719 | Spider:1 | Reached skill level 10 in Fighting
 37719 | Spider:1 | Reached skill level 10 in Short Blades
 37719 | Spider:1 | Reached skill level 10 in Long Blades
 37719 | Spider:1 | Reached skill level 10 in Axes
 37719 | Spider:1 | Reached skill level 10 in Maces & Flails
 37719 | Spider:1 | Reached skill level 10 in Polearms
 37719 | Spider:1 | Reached skill level 10 in Staves
 37719 | Spider:1 | Reached skill level 10 in Ranged Weapons
 37719 | Spider:1 | Reached skill level 10 in Throwing
 37719 | Spider:1 | Reached skill level 10 in Armour
 37719 | Spider:1 | Reached skill level 10 in Shields
 37719 | Spider:1 | Reached skill level 10 in Unarmed Combat
 37719 | Spider:1 | Reached skill level 10 in Evocations
 37989 | Spider:1 | Noticed an emperor scorpion
 38009 | Spider:1 | Killed an emperor scorpion
 38280 | Spider:1 | Reached XP level 15. HP: 62/115 MP: 3/30
 38283 | Spider:1 | HP: 4/115 [radroach (8)]
 38283 | Spider:1 | Slain by a wolf spider

Illustrated notes

Levels and vault maps discovered:
D:1:      roderic_chinese_lattice_arrival, layout_loops_ring, serial_shops,
          nicolae_shop_pleasant_corner_grove
D:2:      layout_rooms, basic_altar, solitary_fountain, minivault_14,
          kennysheep_flooded_box, uniq_crazy_yiuf_cottage
D:3:      layout_loops_ring, uniq_robin
D:4:      layout_basic, mainiacjoe_overflow_six_doors_small, uniq_duvessa
D:5:      layout_layer_cave, mainiacjoe_overflow_brackets, uniq_blork_the_orc
D:6:      layout_cave_pools, marbit_many_paths, gammafunk_temple_overflow_wave,
          uniq_eustachio
D:7:      layout_basic, nicolae_elyvilon_temple_path,
          minmay_temple_entry_gardened_gates, enter_ossuary_2, serial_shops,
          shop, minivault_10, hangedman_decor_riveting
D:8:      layout_cave_pools, mainiacjoe_overflow_surrounded_room,
          chequers_temple_overflow_minitemple, nicolae_elemental_shop,
          corexii_hall_statues_l, st_stairs_5, uniq_prince_ribbit1
D:9:      layout_basic, uniq_pikel
D:10:     nzn_winding_woodlands_medium [nzn_winding_woodlands_5x5_checkerboard,
          nzn_winding_woodlands_5x15_cabin,
          nzn_winding_woodlands_5x5_closed_star,
          nzn_winding_woodlands_5x5_perimeter,
          nzn_winding_woodlands_center_triple_pond,
          nzn_winding_woodlands_5x5_cross, nzn_winding_woodlands_hourglass,
          nzn_winding_woodlands_5x15_sidewinder,
          nzn_winding_woodlands_5x5_three], layout_stronghold,
          kennysheep_little_box
D:11:     layout_irregular_city, lair_entry_dummy, orc_0_dummy,
          small_statue_alley_a
D:12:     layout_long_grid, chequers_big_river, uniq_azrael
Temple:   minmay_freezing_vapour_temple
Lair:1:   layout_loops_ring, pdpol_lair_cavern_descent
Lair:2:   layout_regular_city, minmay_shoals_entry_centaurs
Lair:3:   layout_regular_city, spider_nest_entry_webs, serial_bayou_lake_a
Lair:4:   layout_hall_layers, minmay_slime_entry_jelly_boxes, enter_volcano_3,
          serial_bayou_shore_a, uniq_snorg
Lair:5:   due_jungle_book, layout_cave_pods, nicolae_lair_lil_pond, st_stairs_3,
          chequers_serial_rivers_small_b, grunt_megastairs_1,
          infiniplex_staircase_pool_2
Spider:1: layout_spider_delve, uniq_roxanne
Orc:1:    layout_caves, serial_shops, nicolae_shop_rolling_square
Orc:2:    st_orc_pillars, layout_caves, serial_shops,
          nicolae_shop_window_shopping

Skill      XL: |  1  2  3  4  5  6  7  8  9 10 11 12 13 14 |
---------------+-------------------------------------------+-----
Conjurations   | 2 3 4 5 6 7 8 |  8.7
Spellcasting   | 5 6 7 8 9 10 11 | 11.2
Invocations    | 1 2 3 4 5 6 7 8 9 10 | 10.9
Fighting       | 1 2 3 4 5 6 7 8 9 10 | 10.0
Short Blades   | 1 2 3 4 5 6 7 8 9 10 | 10.0
Long Blades    | 1 2 3 4 5 6 7 8 9 10 | 10.0
Axes           | 1 2 3 4 5 6 7 8 9 10 | 10.0
Maces & Flails | 1 2 3 4 5 6 7 8 9 10 | 10.0
Polearms       | 1 2 3 4 5 6 7 8 9 10 | 10.0
Staves         | 1 2 3 4 5 6 7 8 9 10 | 10.0
Ranged Weapons | 1 2 3 4 5 6 7 8 9 10 | 10.0
Throwing       | 1 2 3 4 5 6 7 8 9 10 | 10.0
Armour         | 1 2 3 4 5 6 7 8 9 10 | 10.0
Shields        | 1 2 3 4 5 6 7 8 9 10 | 10.0
Unarmed Combat | 1 2 3 4 5 6 7 8 9 10 | 10.0
Evocations     | 1 2 3 4 5 6 7 8 9 10 | 10.0
Hexes          | 1 2 3 4 5 6 7 8 |  8.4
Summonings     | 1 2 3 4 5 6 7 8 |  8.4
Necromancy     | 1 2 3 4 5 6 7 8 |  8.4
Translocations | 1 2 3 4 5 6 7 8 |  8.4
Transmutations | 1 2 3 4 5 6 7 8 |  8.4
Ice Magic      | 1 2 3 4 5 6 7 8 |  8.4
Air Magic      | 1 2 3 4 5 6 7 8 |  8.4
Earth Magic    | 1 2 3 4 5 6 7 8 |  8.4
Poison Magic   | 1 2 3 4 5 6 7 8 |  8.4
Dodging        | 5 6 7 8 9 10 11 | 11.0
Stealth        | 5 6 7 8 9 10 | 10.9
Fire Magic     | 6 7 8 9 10 | 10.1

Action                     |  1- 3 |  4- 6 |  7- 9 | 10-12 | 13-15 || total
---------------------------+-------+-------+-------+-------+-------++-------
  Melee: Unarmed           |       |     4 |       |       |       ||     4
         Spear             |       |       |    10 |    32 |    92 ||   134
         Bite              |       |       |     1 |     6 |    21 ||    28
         Punch             |       |       |       |       |    11 ||    11
   Cast: Foxfire           |   108 |   208 |   210 |   300 |   235 ||  1061
         Scorch            |       |    13 |   102 |   149 |    79 ||   343
         Flame Wave        |       |       |     3 |    39 |    79 ||   121
         Starburst         |       |       |       |       |    16 ||    16
         Plasma Beam       |       |       |       |       |     4 ||     4
         Fireball          |       |       |       |       |     3 ||     3
         Statue Form       |       |       |       |       |     3 ||     3
  Evoke: Wand              |       |       |       |     8 |     9 ||    17
         Lightning rod     |       |       |       |     7 |    10 ||    17
    Use: Scroll            |       |       |     3 |    19 |    14 ||    36
         Potion            |       |       |     2 |     4 |    13 ||    19
   Stab: Paralysed         |       |       |       |       |     2 ||     2
         Distracted        |       |       |       |       |     1 ||     1
 Armour: Robe              |       |    16 |    76 |     9 |       ||   101
         Steam dragon scal |       |       |       |    74 |   190 ||   264
         Skin              |       |       |       |       |    20 ||    20
  Dodge: Dodged            |     4 |    83 |   194 |   607 |  1335 ||  2223

Table legend: (Time is in decaauts)
 A = Elapsed time spent in this place.
 B = Non-inter-level travel time spent in this place.
 C = Inter-level travel time spent in this place.
 D = Time resting spent in this place.
 E = Time spent auto-exploring this place.
 F = Levels seen in this place.
 G = Mean time per level.
                   A        B        C        D        E       F      G
               +--------+--------+--------+--------+--------+-----+--------+
         Total |  44983 |  43179 |   1804 |  16102 |  20799 |  22 | 2044.7 |
       Dungeon |  23065 |  22337 |    728 |   8401 |  10935 |  12 | 1922.1 |
        Temple |     20 |     15 |      5 |      0 |     10 |   1 |   20.0 |
          Lair |  14866 |  14019 |    847 |   4778 |   7438 |   5 | 2973.2 |
   Spider Nest |    753 |    753 |      0 |    473 |      0 |   1 |  753.0 |
  Orcish Mines |   5326 |   5104 |    222 |   2074 |   2053 |   2 | 2663.0 |
       Ossuary |    950 |    950 |      0 |    376 |    363 |   1 |  950.0 |
               +--------+--------+--------+--------+--------+-----+--------+

Top non-repeatable levels by time:
  Lair:3: 4550 daAuts
  Lair:4: 3514 daAuts
    D:10: 3319 daAuts
   Orc:2: 3219 daAuts
    D:11: 2648 daAuts
  Lair:1: 2522 daAuts
  Lair:5: 2514 daAuts
     D:6: 2389 daAuts
     D:4: 2352 daAuts
     D:5: 2226 daAuts
     D:7: 2222 daAuts
   Orc:1: 2107 daAuts
     D:9: 1856 daAuts
  Lair:2: 1764 daAuts
     D:3: 1724 daAuts
